| TOP OF THE 1ST |
|
San Diego Padres batting - Pitching for Colorado Rockies : RHP Colin Lancey Jr.
|
|
Pitching: RHP Colin Lancey Jr.
|
|
|
Batting: RHB Hildo Pot
|
0-0: Called Strike 0-1: Ball 1-1: Foul Ball, location: 2F 1-2: Ball 2-2: Fly out, F9 (Flyball, 9, EV 93.1 MPH)
|
|
Batting: RHB Manny Vergara
|
0-0: Called Strike 0-1: Ball 1-1: Foul Ball, location: 2F 1-2: Foul Ball, location: 2F 1-2: Ball 2-2: Fly out, F9 (Flyball, 9S, EV 85.6 MPH)
|
|
Batting: RHB Hugo Bautista
|
0-0: Called Strike 0-1: Ball 1-1: Foul Ball, location: 2F 1-2: Strikes out looking
|
| Top of the 1st over - 0 runs, 0 hits, 0 errors, 0 left on base; San Diego 0 - Colorado 0 |
| BOTTOM OF THE 1ST |
|
Colorado Rockies batting - Pitching for San Diego Padres : LHP Matt Wheeler
|
|
Pitching: LHP Matt Wheeler
|
|
|
Batting: LHB Freddy Troncoso
|
0-0: Ball 1-0: Foul Ball, location: 2F 1-1: Ball 2-1: Fly out, F5 (Popup, 6S, EV 66.9 MPH)
|
|
Batting: RHB Henry Alvizo
|
0-0: Ball 1-0: Foul Ball, location: 2F 1-1: Ball 2-1: Ground out 6-3 (Groundball, 6, EV 86.9 MPH)
|
|
Batting: LHB Shawn Morrison
|
0-0: Ball 1-0: Ground out U3 (Groundball, 3, EV 91.2 MPH)
|
| Bottom of the 1st over - 0 runs, 0 hits, 0 errors, 0 left on base; San Diego 0 - Colorado 0 |
| TOP OF THE 2ND |
|
San Diego Padres batting - Pitching for Colorado Rockies : RHP Colin Lancey Jr.
|
|
Batting: LHB Mike Holt
|
0-0: Called Strike 0-1: Foul Ball, location: 2F 0-2: Ball 1-2: Ball 2-2: Ball 3-2: Ground out 4-3 (Groundball, 4M, EV 103.1 MPH)
|
|
Batting: RHB Elijah Campbell
|
0-0: DOUBLE (Flyball, 89D, EV 108.8 MPH)
|
|
Batting: RHB Eisse Bravenboer
|
0-0: Ball 1-0: Ball 2-0: Swinging Strike 2-1: Fly out, F8 (Flyball, 8RXD, EV 106.9 MPH) Runner from 2nd tags up, SAFE at 3rd, no throw by CF
|
|
Batting: RHB Luis Torres
|
0-0: Called Strike 0-1: Ground out 6-3 (Groundball, 6, EV 88.1 MPH)
|
| Top of the 2nd over - 0 runs, 1 hit, 0 errors, 1 left on base; San Diego 0 - Colorado 0 |
| BOTTOM OF THE 2ND |
|
Colorado Rockies batting - Pitching for San Diego Padres : LHP Matt Wheeler
|
|
Batting: RHB Jason Andrews
|
0-0: Fly out, F8 (Flyball, 8LXD, EV 86.2 MPH)
|
|
Batting: SHB Eddie Quinones
|
0-0: Ball 1-0: Called Strike 1-1: Swinging Strike 1-2: Foul Ball, location: 2F 1-2: Ball 2-2: Strikes out swinging
|
|
Batting: RHB Joel Haycock
|
0-0: Foul Ball, location: 2F 0-1: Ball 1-1: Foul Ball, location: 2F 1-2: Foul Ball, location: 2F 1-2: Ball 2-2: Ground out 6-3 (Groundball, 56, EV 103.8 MPH)
|
| Bottom of the 2nd over - 0 runs, 0 hits, 0 errors, 0 left on base; San Diego 0 - Colorado 0 |
| TOP OF THE 3RD |
|
San Diego Padres batting - Pitching for Colorado Rockies : RHP Colin Lancey Jr.
|
|
Batting: LHB Hugo MacBeth
|
0-0: Ball 1-0: Called Strike 1-1: Fly out, F7 (Flyball, 7D, EV 90.6 MPH)
|
|
Batting: RHB Wally Cangro
|
0-0: SOLO HOME RUN (Flyball, 9LD, EV 99.4 MPH), Distance : 358 ft
|
|
Batting: RHB Hildo Pot
|
0-0: Ball 1-0: Called Strike 1-1: Called Strike 1-2: Strikes out swinging
|
|
Batting: RHB Manny Vergara
|
0-0: Called Strike 0-1: Ball 1-1: Called Strike 1-2: Strikes out swinging
|
| Top of the 3rd over - 1 run, 1 hit, 0 errors, 0 left on base; San Diego 1 - Colorado 0 |
| BOTTOM OF THE 3RD |
|
Colorado Rockies batting - Pitching for San Diego Padres : LHP Matt Wheeler
|
|
Batting: SHB Andy Vivas
|
0-0: Swinging Strike 0-1: Called Strike 0-2: Strikes out swinging
|
|
Batting: SHB Billy Encinias
|
0-0: Ball 1-0: Ball 2-0: Foul Ball, location: 2F 2-1: Ball 3-1: Base on Balls
|
|
Batting: SHB Jon Munoz
|
0-0: Ball 1-0: Ball 2-0: Grounds into double play, 6-4-3 (Groundball, 6, EV 103.8 MPH)
|
| Bottom of the 3rd over - 0 runs, 0 hits, 0 errors, 0 left on base; San Diego 1 - Colorado 0 |
| TOP OF THE 4TH |
|
San Diego Padres batting - Pitching for Colorado Rockies : RHP Colin Lancey Jr.
|
|
Batting: RHB Hugo Bautista
|
0-0: Ball 1-0: SINGLE (Flyball, 78S, EV 86.9 MPH)
|
|
Batting: LHB Mike Holt
|
0-0: Swinging Strike 0-1: Foul Ball, location: 2F 0-2: Ball 1-2: Ball 2-2: Strikes out swinging
|
|
Batting: RHB Elijah Campbell
|
0-0: Foul Ball, location: 2F 0-1: Foul Ball, location: 2F 0-2: Ball 1-2: Foul Ball, location: 2F 1-2: Strikes out swinging
|
|
Batting: RHB Eisse Bravenboer
|
0-0: Called Strike Hugo Bautista steals 2nd base 0-1: Ball 1-1: Ball 2-1: Foul Ball, location: 2F 2-2: Foul Ball, location: 2F 2-2: Foul Ball, location: 2F 2-2: Ground out 1-3 (Groundball, 34S, EV 68.1 MPH)
|
| Top of the 4th over - 0 runs, 1 hit, 0 errors, 1 left on base; San Diego 1 - Colorado 0 |
| BOTTOM OF THE 4TH |
|
Colorado Rockies batting - Pitching for San Diego Padres : LHP Matt Wheeler
|
|
Batting: LHB Freddy Troncoso
|
0-0: Ball 1-0: Ball 2-0: Swinging Strike 2-1: Foul Ball, location: 2F 2-2: Strikes out looking
|
|
Batting: RHB Henry Alvizo
|
0-0: Called Strike 0-1: Ball 1-1: Ball 2-1: Foul Ball, location: 2F 2-2: Foul Ball, location: 2F 2-2: Strikes out swinging
|
|
Batting: LHB Shawn Morrison
|
0-0: Ground out 6-3 (Groundball, 6, EV 88.8 MPH)
|
| Bottom of the 4th over - 0 runs, 0 hits, 0 errors, 0 left on base; San Diego 1 - Colorado 0 |
| TOP OF THE 5TH |
|
San Diego Padres batting - Pitching for Colorado Rockies : RHP Colin Lancey Jr.
|
|
Batting: RHB Luis Torres
|
0-0: Ball 1-0: Ball 2-0: Called Strike 2-1: Ball 3-1: Base on Balls
|
|
Batting: LHB Hugo MacBeth
|
0-0: Called Strike 0-1: Foul Ball, location: 2F 0-2: Foul Ball, location: 2F 0-2: Foul Ball, location: 2F 0-2: Fly out, F7 (Line Drive, 78M, EV 102.5 MPH)
|
|
Batting: RHB Wally Cangro
|
0-0: Ball 1-0: Ball 2-0: Foul Ball, location: 2F 2-1: Called Strike 2-2: Strikes out looking
|
|
Batting: RHB Hildo Pot
|
0-0: Ball 1-0: Foul Ball, location: 2F 1-1: Ball 2-1: Called Strike 2-2: Ball Luis Torres steals 2nd base 3-2: Base on Balls
|
|
Batting: RHB Manny Vergara
|
0-0: Ball 1-0: Called Strike 1-1: Ball 2-1: Foul Ball, location: 2F 2-2: SINGLE (Line Drive, 7S, EV 105.0 MPH) Luis Torres to third Hildo Pot to second Runner from 3rd tries for Home, SAFE, throw by LF to home
|
|
Batting: RHB Hugo Bautista
|
0-0: Ball 1-0: Ground out 6-3 (Groundball, 6M, EV 81.2 MPH)
|
| Top of the 5th over - 1 run, 1 hit, 0 errors, 2 left on base; San Diego 2 - Colorado 0 |
| BOTTOM OF THE 5TH |
|
Colorado Rockies batting - Pitching for San Diego Padres : LHP Matt Wheeler
|
|
Batting: RHB Jason Andrews
|
0-0: Ball 1-0: Foul Ball, location: 2F 1-1: SINGLE (Flyball, 34D, EV 82.5 MPH)
|
|
Batting: SHB Eddie Quinones
|
0-0: Ball 1-0: Called Strike 1-1: SINGLE (Line Drive, 34, EV 109.4 MPH) Jason Andrews to second
|
|
Batting: RHB Joel Haycock
|
0-0: Ball 1-0: Called Strike 1-1: Swinging Strike 1-2: DOUBLE (Flyball, 8LXD, EV 105.6 MPH) Jason Andrews scores Eddie Quinones to third
|
|
Batting: SHB Andy Vivas
|
0-0: Ball 1-0: Foul Ball, location: 2F 1-1: Foul Ball, location: 2F 1-2: 3-RUN HOME RUN (Flyball, 89XD, EV 105.0 MPH), Distance : 405 ft
|
|
Batting: SHB Billy Encinias
|
0-0: SINGLE (Groundball, 4S, EV 70.0 MPH) (infield hit)
|
|
Batting: SHB Jon Munoz
|
0-0: Called Strike 0-1: Ball 1-1: Foul Ball, location: 2F 1-2: Strikes out swinging
|
|
Batting: LHB Freddy Troncoso
|
0-0: Called Strike Billy Encinias steals 2nd base 0-1: Ball 1-1: Fly out, F8 (Flyball, 8LD, EV 89.4 MPH) Runner from 2nd tags up, OUT at 3rd! 8-5
|
| Bottom of the 5th over - 4 runs, 5 hits, 0 errors, 0 left on base; San Diego 2 - Colorado 4 |
| TOP OF THE 6TH |
|
San Diego Padres batting - Pitching for Colorado Rockies : RHP Colin Lancey Jr.
|
|
Batting: LHB Mike Holt
|
0-0: Called Strike 0-1: Ball 1-1: Ball 2-1: Called Strike 2-2: Ground out 4-3 (Groundball, 34, EV 102.5 MPH)
|
|
Batting: RHB Elijah Campbell
|
0-0: Ball 1-0: Called Strike 1-1: Called Strike 1-2: Ball 2-2: Foul Ball, location: 2F 2-2: SINGLE (Line Drive, 7S, EV 90.0 MPH)
|
|
Batting: RHB Eisse Bravenboer
|
0-0: Ball 1-0: DOUBLE (Flyball, 8RXD, EV 103.1 MPH) Elijah Campbell to third
|
|
Batting: RHB Luis Torres
|
0-0: Ground out 6-3 (Groundball, 6, EV 89.4 MPH) Elijah Campbell scores Eisse Bravenboer to third
|
|
Batting: LHB Hugo MacBeth
|
0-0: Called Strike 0-1: Ball 1-1: Ball 2-1: Ball 3-1: Base on Balls
|
|
Batting: RHB Wally Cangro
|
0-0: Ball 1-0: Swinging Strike 1-1: Foul Ball, location: 2F 1-2: Strikes out swinging
|
| Top of the 6th over - 1 run, 2 hits, 0 errors, 2 left on base; San Diego 3 - Colorado 4 |
| BOTTOM OF THE 6TH |
|
Colorado Rockies batting - Pitching for San Diego Padres : LHP Matt Wheeler
|
|
Batting: RHB Henry Alvizo
|
0-0: Ball 1-0: Ball 2-0: Foul Ball, location: 2F 2-1: Called Strike 2-2: Strikes out swinging
|
|
Batting: LHB Shawn Morrison
|
0-0: Ball 1-0: Fly out, F2 (Popup, 2LF, EV 90.6 MPH)
|
|
Batting: RHB Jason Andrews
|
0-0: Swinging Strike 0-1: Called Strike 0-2: Foul Ball, location: 2F 0-2: Strikes out swinging
|
| Bottom of the 6th over - 0 runs, 0 hits, 0 errors, 0 left on base; San Diego 3 - Colorado 4 |
| TOP OF THE 7TH |
|
San Diego Padres batting - Pitching for Colorado Rockies : RHP Colin Lancey Jr.
|
|
Batting: RHB Hildo Pot
|
0-0: Ball 1-0: Swinging Strike 1-1: Foul Ball, location: 2F 1-2: Ball 2-2: Ground out 4-3 (Groundball, 4, EV 83.1 MPH)
|
|
Batting: RHB Manny Vergara
|
0-0: Foul Ball, location: 2F 0-1: Called Strike 0-2: Ball 1-2: Foul Ball, location: 2F 1-2: Foul Ball, location: 2F 1-2: Ball 2-2: Ball 3-2: Ground out 4-3 (Groundball, 4, EV 86.2 MPH)
|
|
Batting: RHB Hugo Bautista
|
0-0: Called Strike 0-1: Ball 1-1: Called Strike 1-2: Ball 2-2: Foul Ball, location: 2F 2-2: Foul Ball, location: 2F 2-2: SINGLE (Groundball, 5S, EV 70.0 MPH) (infield hit)
|
|
Pitching: RHP Mitch Guerrero
|
|
|
Batting: LHB Mike Holt
|
0-0: Called Strike Pickoff Throw to First - Error! E1 Hugo Bautista to second 0-1: Foul Ball, location: 2F 0-2: Strikes out swinging
|
| Top of the 7th over - 0 runs, 1 hit, 1 error, 1 left on base; San Diego 3 - Colorado 4 |
| BOTTOM OF THE 7TH |
|
Colorado Rockies batting - Pitching for San Diego Padres : LHP Matt Wheeler
|
|
Batting: SHB Eddie Quinones
|
0-0: Ground out 4-3 (Groundball, 4, EV 90.6 MPH)
|
|
Batting: RHB Joel Haycock
|
0-0: Ball 1-0: Fly out, F6 (Line Drive, 6, EV 59.4 MPH)
|
|
Batting: SHB Andy Vivas
|
0-0: Called Strike 0-1: Ball 1-1: Swinging Strike 1-2: Strikes out swinging
|
| Bottom of the 7th over - 0 runs, 0 hits, 0 errors, 0 left on base; San Diego 3 - Colorado 4 |
| TOP OF THE 8TH |
|
San Diego Padres batting - Pitching for Colorado Rockies : RHP Mitch Guerrero
|
|
Batting: RHB Elijah Campbell
|
0-0: Called Strike 0-1: Ball 1-1: Swinging Strike 1-2: Ball 2-2: Strikes out swinging
|
|
Batting: RHB Eisse Bravenboer
|
0-0: Ball 1-0: Foul Ball, location: 2F 1-1: Ball 2-1: Ball 3-1: Ground out 4-3 (Groundball, 4, EV 103.1 MPH)
|
|
Batting: RHB Luis Torres
|
0-0: Foul Ball, location: 2F 0-1: Ball 1-1: Ball 2-1: Ball 3-1: Base on Balls
|
|
Batting: LHB Hugo MacBeth
|
0-0: Called Strike 0-1: Ball 1-1: Foul Ball, location: 2F 1-2: DOUBLE (Line Drive, 9LS, EV 99.4 MPH) Luis Torres to third Runner from 3rd tries for Home, SAFE, no throw by RF
|
|
Pinch Hitting: SHB Adam Martin
|
0-0: Ball 1-0: Called Strike 1-1: Ball Wild Pitch! Hugo MacBeth to third 2-1: Foul Ball, location: 2F 2-2: Ground out 4-3 (Groundball, 4, EV 85.0 MPH)
|
| Top of the 8th over - 1 run, 1 hit, 0 errors, 1 left on base; San Diego 4 - Colorado 4 |
| BOTTOM OF THE 8TH |
|
Colorado Rockies batting - Pitching for San Diego Padres : LHP Matt Wheeler
|
|
Now in CF: Mike Holt
|
|
|
Now in RF: Adam Martin
|
|
|
Batting: SHB Billy Encinias
|
0-0: Ball 1-0: Called Strike 1-1: Ball 2-1: Swinging Strike 2-2: Foul Ball, location: 2F 2-2: Ball 3-2: Base on Balls
|
|
Batting: SHB Jon Munoz
|
0-0: Ball 1-0: Ground out 4-3 (Groundball, 34D, EV 105.6 MPH) Billy Encinias to second
|
|
Pitching: RHP Angelo Radford
|
|
|
Batting: LHB Freddy Troncoso
|
0-0: Called Strike 0-1: Called Strike 0-2: Ball 1-2: Ball 2-2: SINGLE (Flyball, 89S, EV 89.4 MPH) Billy Encinias to third
|
|
Batting: RHB Henry Alvizo
|
0-0: Ball 1-0: Ball 2-0: Called Strike 2-1: Fielders Choice at 2nd, 4-6 (Groundball, 34, EV 88.1 MPH) Billy Encinias scores
|
|
Batting: LHB Shawn Morrison
|
0-0: Ball 1-0: Ball 2-0: Called Strike 2-1: Foul Ball, location: 2F 2-2: Strikes out looking
|
| Bottom of the 8th over - 1 run, 1 hit, 0 errors, 1 left on base; San Diego 4 - Colorado 5 |
| TOP OF THE 9TH |
|
San Diego Padres batting - Pitching for Colorado Rockies : RHP Mitch Guerrero
|
|
Pitching: RHP Tye Dickinson
|
|
|
Batting: RHB Hildo Pot
|
0-0: Swinging Strike 0-1: SINGLE (Line Drive, 89D, EV 101.2 MPH)
|
|
Batting: RHB Manny Vergara
|
0-0: Foul Ball, location: 2F 0-1: Ball 1-1: SINGLE (Groundball, 6MD, EV 108.8 MPH) Hildo Pot to second Runner from 2nd tries for 3rd, SAFE, throw by CF made to third
|
|
Batting: RHB Hugo Bautista
|
0-0: Ground out 5-3 (Groundball, 56S, EV 78.1 MPH) Manny Vergara to second
|
|
Batting: LHB Mike Holt
|
0-0: Intentional Walk
|
|
Batting: RHB Elijah Campbell
|
0-0: Called Strike 0-1: Ball 1-1: Fly out, F9 (Flyball, 9, EV 87.5 MPH) Runner from 3rd tags up, SCORES, throw by RF Manny Vergara to third
|
|
Batting: RHB Eisse Bravenboer
|
0-0: Called Strike 0-1: Called Strike 0-2: Ball 1-2: Ball 2-2: Ball 3-2: Foul Ball, location: 2F 3-2: Base on Balls Mike Holt to second
|
|
Batting: RHB Luis Torres
|
0-0: Called Strike 0-1: Ball 1-1: Ball 2-1: Foul Ball, location: 2F 2-2: Strikes out looking
|
| Top of the 9th over - 1 run, 2 hits, 0 errors, 3 left on base; San Diego 5 - Colorado 5 |
| BOTTOM OF THE 9TH |
|
Colorado Rockies batting - Pitching for San Diego Padres : RHP Angelo Radford
|
|
Batting: RHB Jason Andrews
|
0-0: Called Strike 0-1: DOUBLE (Flyball, 89D, EV 94.4 MPH)
|
|
Batting: SHB Eddie Quinones
|
0-0: Ball 1-0: Ball 2-0: Foul Ball, location: 2F 2-1: Swinging Strike 2-2: Strikes out swinging
|
|
Batting: RHB Joel Haycock
|
0-0: Intentional Walk
|
|
Batting: SHB Andy Vivas
|
0-0: Ball 1-0: Ground out 5-3 (Groundball, 5, EV 83.1 MPH) Jason Andrews to third Joel Haycock to second
|
|
Batting: SHB Billy Encinias
|
0-0: Swinging Strike 0-1: Ball 1-1: Swinging Strike 1-2: Ball 2-2: Ball 3-2: SINGLE (Line Drive, 6M, EV 96.2 MPH) Jason Andrews scores
|
| Bottom of the 9th over - 1 run, 2 hits, 0 errors, 2 left on base; San Diego 5 - Colorado 6 |
|